AoeStats
← Malik_dk14

Arena

509840043Analyzed
2v2 RM · 4d ago on Sep 28, 2026· 34m 2s· 4 players
Game mode
Random Map
Map size
Medium (4 player)
Population
200
Speed
Normal
Resources
Standard
Victory
Conquest
Starting age
Dark Age
Ending age
Imperial Age
RankedLock teamsTeams togetherTeam positionsShared explorationLock speedFull tech treeHidden civsTurbo modeCheats
Victory
Defeat
🇪🇸 Italians · Spain
976
+18
🇮🇳 Dravidians · India
959
+19
🇨🇳 Magyars · China
1060
-20
🇦🇷 Varangians · Argentina
974
-49
TheDafey
11:26 Feudal Age
16:21 Castle Age
14:24 Stone Mining
15:25 Horse Collar
15:32 Double-Bit Axe
15:59 Fletching
16:09 Padded Archer Armor
16:58 Loom
25:20 Ballistics
24:56 Murder Holes
30:27 Imperial Age
28:36 Wheelbarrow
30:23 Bodkin Arrow
30:43 Leather Archer Armor
33:03 Bracer
Bickus Diggus
10:00 Feudal Age
11:24 Double-Bit Axe
11:48 Gold Mining
11:40 Horse Collar
16:41 Castle Age
15:23 Fletching
16:44 Loom
17:10 Padded Archer Armor
18:03 Bow Saw
17:32 Pikeman
18:14 Squires
19:44 Crossbowman
20:35 Town Watch
21:28 Wheelbarrow
20:59 Man-at-Arms
22:51 Heavy Plow
23:57 Ballistics
24:20 Town Watch
24:45 Bodkin Arrow
26:27 Hand Cart
28:55 Thumb Ring
32:25 Imperial Age
30:08 Stone Mining
31:18 Leather Archer Armor
31:03 Scale Mail Armor
34:37 Chemistry
34:25 Conscription
Malik_dk14
7:57 Loom
10:17 Feudal Age
12:42 Bloodlines
14:31 Double-Bit Axe
20:04 Forging
20:01 Scale Barding Armor
20:43 Scale Mail Armor
24:18 Castle Age
挥舞的指甲刀
3:01 Loom
10:07 Feudal Age
10:59 Double-Bit Axe
10:57 Horse Collar
12:27 Gold Mining
19:06 Castle Age
20:47 Bow Saw
20:39 Heavy Plow
22:29 Gold Shaft Mining
24:12 Wheelbarrow
25:31 Hand Cart
25:39 Fletching
31:54 Imperial Age
33:10 Parthian Tactics
32:42 Bodkin Arrow
33:46 Bracer
33:08 Heavy Cavalry Archer
Connection lost

Rejoining the realm…

Still unreachable

The connection could not be restored.

Session expired

The server has moved on; the page needs a fresh start.